 Dungeon Crawl Stone Soup version 0.28-a0-657-g71136c5590 (webtiles) character file.

Game seed: 14016961244430642617

336 tilp the Magician (level 6, -6/44 HPs)
             Began as a Gnoll Hedge Wizard on Oct 13, 2021.
             Was an Elder of Ignis.
             Mangled by a gnoll (8 damage)
             ... on level 4 of the Dungeon.
             The game lasted 00:05:38 (4002 turns).

tilp the Magician (Gnoll Hedge Wizard)              Turns: 4002, Time: 00:05:39

Health: -6/44      AC:  7    Str:  9    XL:     6   Next: 54%
Magic:  16/16      EV: 12    Int: 16    God:    Ignis [****..]
Gold:   199        SH:  0    Dex: 11    Spells: 12/19 levels left

rFire   + . .      SeeInvis .   b - +0 hunting sling
rCold   + . .      Faith    .   (no shield)
rNeg    . . .      Spirit   .   h - +2 leather armour {rC+}
rPois   .          Reflect  .   c - +0 hat
rElec   .          Harm     .   (no cloak)
rCorr   +          Rampage  .   d - +1 pair of gloves
Will    .....                   (no boots)
Stlth   ++........              (no amulet)
HPRegen 0.14/turn               n - ring of resist corrosion
MPRegen 0.15/turn               (no ring)

@: no status effects
A: fangs 1, strong nose, distributed training
a: Renounce Religion, Sea of Fire, Foxfire Swarm, Rising Flame


You were on level 4 of the Dungeon.
You worshipped Ignis.
Ignis was greatly pleased with you.
You visited 1 branch of the dungeon, and saw 4 of its levels.

You collected 199 gold pieces.

Inventory:

Hand Weapons
 a - a +2 short sword of venom
 b - a +0 hunting sling (weapon)
 g - a +0 morningstar
Missiles
 f - 82 stones (quivered ammo)
 i - 2 boomerangs
 k - 17 bolts
 l - 73 arrows
 o - 28 poisoned darts
Armour
 c - a +0 hat (worn)
 d - a +1 pair of gloves (worn)
 h - a +2 leather armour of cold resistance (worn)
Magical Staves
 p - a staff of earth
Jewellery
 n - a ring of resist corrosion (left hand)
Wands
 j - a wand of paralysis (4)
Scrolls
 m - a scroll of identify
Potions
 e - a potion of magic
 q - a potion of might
 r - a potion of resistance
 s - a potion of attraction {unknown}
 t - a potion of heal wounds


   Skills:
 + Level 2.0 Fighting
 + Level 2.0 Short Blades
 + Level 2.0 Long Blades
 + Level 2.0 Axes
 + Level 2.0 Maces & Flails
 + Level 2.0 Polearms
 + Level 2.0 Staves
 + Level 2.0 Slings
 + Level 2.0 Bows
 + Level 2.0 Crossbows
 + Level 2.0 Throwing
 + Level 2.0 Armour
 + Level 5.0 Dodging
 + Level 4.6 Stealth
 + Level 2.0 Shields
 + Level 2.0 Unarmed Combat
 + Level 7.4 Spellcasting
 + Level 2.6 Conjurations
 + Level 1.6 Hexes
 + Level 2.6 Summonings
 + Level 1.6 Necromancy
 + Level 2.6 Translocations
 + Level 1.6 Transmutations
 + Level 1.6 Fire Magic
 + Level 1.6 Ice Magic
 + Level 1.6 Air Magic
 + Level 1.6 Earth Magic
 + Level 1.6 Poison Magic
 + Level 2.2 Invocations
 + Level 2.0 Evocations


You had 12 spell levels left.
You knew the following spells:

 Your Spells              Type           Power      Damage    Failure   Level
a - Magic Dart            Conj           56%        1d5       5%          1
b - Call Imp              Summ           14%        N/A       9%          2
c - Blink                 Tloc           N/A        N/A       9%          2
d - Slow                  Hex            11%        N/A       13%         2

Your spell library contained the following spells:

 Spells                   Type           Power      Damage    Failure   Level
 Conjure Flame            Conj/Fire      12%        6-21      21%         3
 Portal Projectile        Hex/Tloc       24%        N/A       21%         3
 Mephitic Cloud           Conj/Pois/Air  12%        N/A       22%         3
 Blade Hands              Tmut           5%         N/A       93%         5
 Excruciating Wounds      Necr           5%         N/A       93%         5


Dungeon Overview and Level Annotations

Branches:
Dungeon (4/15)
 Temple: D:4-7

Altars:
Ignis


Innate Abilities, Weirdness & Mutations

You have very sharp teeth.
Your uncanny sense of smell can sniff out nearby items.
Your experience applies equally to all skills.


Message History

You shoot a stone. The stone hits the gnoll.
You kill the gnoll!
Unknown command.
Fire: 87 stones
Press: ? - help, Q - select action, (/) - cycle Shift-Dir - straight line, f - gnoll
Aim: a gnoll, wielding a +0 flail and quivering 2 throwing nets (61% to hit)
You shoot a stone. The stone hits the gnoll.
The gnoll is moderately wounded.
The gnoll throws a throwing net.
The throwing net closely misses you.
Fire: 86 stones
Press: ? - help, Q - select action, (/) - cycle Shift-Dir - straight line, f/p - gnoll
Aim: a gnoll, wielding a +0 flail and quivering a throwing net (moderately wounded, 61% to hit)
You shoot a stone. The stone hits the gnoll.
The gnoll is heavily wounded.
Fire: 85 stones
Press: ? - help, Q - select action, (/) - cycle Shift-Dir - straight line, f/p - gnoll
Aim: a gnoll, wielding a +0 flail and quivering a throwing net (heavily wounded, 61% to hit)
You shoot a stone. The stone closely misses the gnoll.
Unknown command.
Fire: 84 stones
Press: ? - help, Q - select action, (/) - cycle Shift-Dir - straight line, f/p - gnoll
Aim: a gnoll, wielding a +0 flail and quivering a throwing net (heavily wounded, 61% to hit)
You shoot a stone. The stone closely misses the gnoll.
Unknown command.
Fire: 83 stones
Press: ? - help, Q - select action, (/) - cycle Shift-Dir - straight line, f/p - gnoll
Aim: a gnoll, wielding a +0 flail and quivering a throwing net (heavily wounded, 61% to hit)
You shoot a stone. The stone hits the gnoll.
The gnoll is severely wounded.
The gnoll hits you with a +0 flail!
* * * LOW HITPOINT WARNING * * *
The gnoll throws a throwing net.
The throwing net hits you.
You become entangled in the net!
You see here a throwing net.
You tear a large gash into the net.
Unknown command.
Unknown command.
Unknown command.
You shred the net and break free! The gnoll hits you with a +0 flail!
You die...

#.# #.....#
########.#
###.###
.........#
#.#
########.#
#.#
########.#
#######.#
....(g.g.#
#.......#
########.#
#.####### #
#.# #.#
#.#######@#
#(.().(.g(#
###########


You could see a gnoll.

Vanquished Creatures
  2 phantoms (D:4)
  Terence (D:2)
  A bullfrog skeleton (D:3)
  3 adders
  3 gnolls (D:4)
  An adder skeleton (D:4)
  3 dart slugs
  A worm (D:2)
  4 orcs
  5 bats
  11 endoplasms
  6 goblins
  4 hobgoblins
  5 kobolds
  2 quokkas (D:1)
  6 ball pythons
  4 frilled lizards
  5 rats
67 creatures vanquished.

Vanquished Creatures (others)
  19 foxfires
19 creatures vanquished.

Grand Total: 86 creatures vanquished

Notes
Turn   | Place    | Note
-------+----------+-------------------------------------------
     0 | D:1      | tilp the Gnoll Hedge Wizard began the quest for the Orb.
     0 | D:1      | Reached XP level 1. HP: 13/13 MP: 8/8
   166 | D:1      | Found a faded altar of an unknown god.
   192 | D:1      | Prayed at the altar of an unknown god.
   192 | D:1      | Became a worshipper of Ignis, the Dying Flame
   442 | D:1      | Reached XP level 2. HP: 19/19 MP: 10/10
   939 | D:1      | Reached XP level 3. HP: 19/25 MP: 11/11
  1339 | D:2      | Learned a level 2 spell: Call Imp
  1342 | D:2      | Learned a level 2 spell: Blink
  1345 | D:2      | Learned a level 2 spell: Slow
  1390 | D:2      | Reached skill level 1 in Invocations
  1481 | D:2      | Noticed Terence
  1487 | D:2      | Killed Terence
  1488 | D:2      | Reached skill level 1 in Fighting
  1488 | D:2      | Reached skill level 1 in Short Blades
  1488 | D:2      | Reached skill level 1 in Long Blades
  1488 | D:2      | Reached skill level 1 in Axes
  1488 | D:2      | Reached skill level 1 in Maces & Flails
  1488 | D:2      | Reached skill level 1 in Polearms
  1488 | D:2      | Reached skill level 1 in Staves
  1488 | D:2      | Reached skill level 1 in Slings
  1488 | D:2      | Reached skill level 1 in Bows
  1488 | D:2      | Reached skill level 1 in Crossbows
  1488 | D:2      | Reached skill level 1 in Throwing
  1488 | D:2      | Reached skill level 1 in Armour
  1488 | D:2      | Reached skill level 1 in Shields
  1488 | D:2      | Reached skill level 1 in Unarmed Combat
  1488 | D:2      | Reached skill level 1 in Evocations
  1488 | D:2      | Reached XP level 4. HP: 27/32 MP: 13/13
  2021 | D:3      | Reached skill level 1 in Hexes
  2021 | D:3      | Reached skill level 1 in Necromancy
  2021 | D:3      | Reached skill level 1 in Transmutations
  2021 | D:3      | Reached skill level 1 in Fire Magic
  2021 | D:3      | Reached skill level 1 in Ice Magic
  2021 | D:3      | Reached skill level 1 in Air Magic
  2021 | D:3      | Reached skill level 1 in Earth Magic
  2021 | D:3      | Reached skill level 1 in Poison Magic
  2191 | D:3      | Reached XP level 5. HP: 28/37 MP: 14/14
  2940 | D:4      | Noticed a phantom
  2978 | D:4      | Killed a phantom
  3455 | D:4      | Noticed a phantom
  3488 | D:4      | Reached XP level 6. HP: 39/44 MP: 16/16
  3521 | D:4      | Reached skill level 5 in Dodging
  3998 | D:4      | HP: 2/44 [gnoll (11)]
  4002 | D:4      | Mangled by a gnoll

Illustrated notes

Levels and vault maps discovered:
D:1:      dpeg_arrival_connections, layout_basic,
          shapermc_ecumenical_altar_totnotflames, patterned_corridor
D:2:      layout_rooms, minmay_ruptured, uniq_terence
D:3:      layout_loops_cross
D:4:      minmay_general_purpose_star, layout_loops_ring,
          minmay_temple_entry_drinking_statues

Skill      XL: |  1  2  3  4  5  6 |
---------------+-------------------+-----
Conjurations   | 2 |  2.6
Summonings     | 2 |  2.6
Translocations | 2 |  2.6
Invocations    | 1 2 |  2.2
Fighting       | 1 2 |  2.0
Short Blades   | 1 2 |  2.0
Long Blades    | 1 2 |  2.0
Axes           | 1 2 |  2.0
Maces & Flails | 1 2 |  2.0
Polearms       | 1 2 |  2.0
Staves         | 1 2 |  2.0
Slings         | 1 2 |  2.0
Bows           | 1 2 |  2.0
Crossbows      | 1 2 |  2.0
Throwing       | 1 2 |  2.0
Armour         | 1 2 |  2.0
Shields        | 1 2 |  2.0
Unarmed Combat | 1 2 |  2.0
Evocations     | 1 2 |  2.0
Hexes          | 1 |  1.6
Necromancy     | 1 |  1.6
Transmutations | 1 |  1.6
Fire Magic     | 1 |  1.6
Ice Magic      | 1 |  1.6
Air Magic      | 1 |  1.6
Earth Magic    | 1 |  1.6
Poison Magic   | 1 |  1.6
Dodging        | 5 |  5.0
Stealth        | |  4.6
Spellcasting   | |  7.4

Action                   |  1- 3 |  4- 6 || total
-------------------------+-------+-------++-------
Melee: Dagger            |    32 |       ||    32
       Bite              |     5 |     1 ||     6
       Short sword       |    35 |    11 ||    46
 Fire: Hunting sling     |       |   216 ||   216
 Cast: Magic Dart        |    28 |       ||    28
       Slow              |       |     1 ||     1
Invok: Foxfire Swarm     |     1 |     1 ||     2
Evoke: Wand              |       |     9 ||     9
  Use: Scroll            |     5 |     8 ||    13
       Potion            |     1 |       ||     1
 Stab: Sleeping          |     5 |       ||     5
       Paralysed         |       |     2 ||     2
Armor: Robe              |    14 |       ||    14
       Leather armour    |     4 |    48 ||    52
Dodge: Dodged            |    53 |    77 ||   130

Table legend: (Time is in decaauts)
 A = Elapsed time spent in this place.
 B = Non-inter-level travel time spent in this place.
 C = Inter-level travel time spent in this place.
 D = Time resting spent in this place.
 E = Time spent auto-exploring this place.
 F = Levels seen in this place.
 G = Mean time per level.
                   A        B        C        D        E       F      G
               +--------+--------+--------+--------+--------+-----+--------+
         Total |   4025 |   3943 |     82 |     35 |   3182 |   4 | 1006.2 |
       Dungeon |   4025 |   3943 |     82 |     35 |   3182 |   4 | 1006.2 |
               +--------+--------+--------+--------+--------+-----+--------+

Top non-repeatable levels by time:
     D:1: 1276 daAuts
     D:4: 1090 daAuts
     D:3: 1015 daAuts
     D:2: 644 daAuts
